 Dungeon Crawl Stone Soup version 0.31-a0-233-g139696dc86 (webtiles) character file.

Game seed: 13637074352134144171

557 olmar the Insei (level 7, -1/53 HPs)
             Began as a White Draconian Transmuter on July 10, 2023.
             Shot with an arrow by a centaur (12 damage)
             ... on level 6 of the Dungeon.
             The game lasted 00:06:29 (4585 turns).

olmar the Insei (White Draconian Transmuter)        Turns: 4585, Time: 00:06:29

Health: -1/53      AC:  3    Str: 18    XL:     7   Next: 9%
Magic:  10/12      EV: 12    Int: 15    God:
Gold:   232        SH:  0    Dex: 12    Spells: 9/12 levels left

rFire   . .          .
                       - Unarmed
rCold   + . .        (no shield)
rNeg    . . .        (body armour unavailable)
rPois   +            b - +1 hat
rElec   .            (no cloak)
rCorr   .            (no gloves)
SInv    .            (no boots)
Will    .....        v - amulet of regeneration
Stlth   +            g - +6 ring of strength
HPRegen 1.08/turn    l - ring of poison resistance
MPRegen 0.13/turn

%: no passive effects
@: wereblooded, corroded
A: breathe frost, AC +6, unfitting armour, cold resistance 1, cold-blooded
a: Breathe Frost


You were on level 6 of the Dungeon.
You visited 2 branches of the dungeon, and saw 7 of its levels.

You collected 433 gold pieces.
You spent 201 gold pieces at shops.

Inventory:

Missiles
 e - 16 poisoned darts
 y - a throwing net
Armour
 b - a +1 hat (worn)
 o - an orb of energy
Jewellery
 g - a +6 ring of strength (left hand)
 l - a ring of poison resistance (right hand)
 n - a ring of protection from cold
 v - an amulet of regeneration (around neck)
Scrolls
 c - a scroll of fog
 h - 2 scrolls of identify
 j - a scroll of enchant weapon
 q - a scroll of torment {unknown}
 r - 2 scrolls of poison
 s - a scroll of brand weapon {unknown}
 u - 2 scrolls of teleportation
 w - a scroll of enchant armour {unknown}
 A - a scroll of revelation
 B - a scroll of vulnerability
Potions
 a - 2 potions of lignification
 d - a potion of heal wounds
 f - a potion of mutation
 i - a potion of haste
 k - 3 potions of attraction {unknown}
 m - 2 potions of might {unknown}
 p - a potion of ambrosia {unknown}
 t - a potion of magic {unknown}
 x - a potion of berserk rage {unknown}
 z - 2 potions of curing {unknown}


   Skills:
 + Level 1.9 Fighting
 + Level 3.3 Dodging
 + Level 5.7 Unarmed Combat
 + Level 3.4 Spellcasting
 + Level 3.6 Transmutations


You had 9 spell levels left.
You knew the following spells:

 Your Spells              Type           Power      Damage    Failure   Level
a - Beastly Appendage     Tmut           26%        N/A       4%          1
b - Wereblood             Tmut           13%        N/A       6%          2

Your spell library contained the following spells:

 Spells                   Type           Power      Damage    Failure   Level
 Spider Form              Tmut/Pois      8%         N/A       26%         3
 Frozen Ramparts          Ice            4%         1d1       50%         3
 Vhi's Electric Charge    Tloc/Air       4%         N/A       50%         3
 Ice Form                 Ice/Tmut       8%         N/A       65%         4
 Summon Ice Beast         Ice/Summ       2%         N/A       88%         4
 Arcjolt                  Conj/Air       1%         1d11      99%         5
 Plasma Beam              Fire/Air       1%         2x1d11    100%        6
 Borgnjor's Revivificati  Necr           1%         N/A       100%        8
 Necromutation            Tmut/Necr      4%         N/A       100%        8
 Death's Door             Necr           1%         N/A       100%        9


Dungeon Overview and Level Annotations

Branches:
Dungeon (6/15)             Temple (1/1) D:4

Altars:
Ashenzari
Cheibriados
Dithmenos
Fedhas
Hepliaklqana
Kikubaaqudgha
Makhleb
Nemelex Xobeh
Okawaru
Qazlal
Ru
Trog
Uskayaw
Vehumet
Wu Jian
Zin
The Shining One

Shops:
D:5 *?***

Annotations:
D:4 2 transporters, garrulousMonolith's ghost, weakling GrEE


Innate Abilities, Weirdness & Mutations

You can breathe waves of freezing cold which knock back foes.
Your icy white scales are hard. (AC +6)
You cannot fit into any form of body armour.
Your flesh is cold resistant. (rC+)
You are cold-blooded and may be slowed by cold attacks.


Message History

You kill the jelly!
The adder bites you but does no damage. The centaur hits you.
The centaur barely misses you.
Unknown command.
Unknown command.
You aren't carrying any items that you can evoke.
Unknown command.
You barely miss the centaur.
You tail-slap the centaur, but do no damage.
The centaur barely misses you. x2; The adder closely misses you.
Your magical contamination has completely faded away.
Unknown command.
You hit the centaur.
The centaur is lightly wounded.
You howl as the wereblood boils in your veins!
The centaur closely misses you. The centaur misses you.
The adder closely misses you. The centaur closely misses you.
The centaur barely misses you.
You hit the centaur. You tail-slap the centaur.
The centaur is moderately wounded.
The adder bites you. The centaur hits you. The centaur kicks you.
The adder barely misses you.
Unknown command.
You hit the centaur.
You tail-slap the centaur, but do no damage.
The centaur is moderately wounded.
The centaur misses you.
The centaur kicks you but does no damage.
The adder bites you but does no damage. The centaur hits you.
The centaur kicks you.
You hit the centaur but do no damage.
Your tail-slap misses the centaur.
The centaur is moderately wounded.
The adder barely misses you. The centaur closely misses you.
The centaur kicks you but does no damage.
Unknown command.
The centaur wields a +0 shortbow.
The centaur shoots an arrow.
The arrow hits you!
* * * LOW HITPOINT WARNING * * *
The centaur shoots an arrow.
The arrow hits you!
You die...

##+###...#
#........#
#........#
#........#
#........#
#...<....+
###########.###...#
#...c..#.##.########
#....S.@............
#......#............
#......#............
#......#............
#......#..........##
#......#######....#
######.. ....# #..
....#


You could see a centaur and an adder.

Vanquished Creatures
  A scorpion (D:4)
  A hound (D:4)
  6 jellies
  An iguana (D:4)
  7 gnolls (D:4)
  3 adders
  3 ufetubi (D:4)
  A worm (D:2)
  2 dart slugs
  9 orcs
  6 ball pythons
  7 endoplasms
  3 giant cockroaches
  33 goblins
  25 hobgoblins
  2 jackals (D:5)
  3 quokkas
  4 bats
  A frilled lizard (D:1)
  13 kobolds
  7 rats
138 creatures vanquished.

Notes
Turn   | Place    | Note
-------+----------+-------------------------------------------
     0 | D:1      | olmar the Draconian Transmuter began the quest for the Orb.
     0 | D:1      | Reached XP level 1. HP: 16/16 MP: 3/3
   209 | D:1      | Reached XP level 2. HP: 18/23 MP: 5/5
   214 | D:1      | Learned a level 2 spell: Wereblood
   768 | D:1      | Found a snail-covered altar of Cheibriados.
   956 | D:2      | Reached XP level 3. HP: 28/28 MP: 6/6
   980 | D:2      | Found a glowing silver altar of Zin.
  1369 | D:3      | Found a faded altar of an unknown god.
  1773 | D:3      | Reached skill level 4 in Unarmed Combat
  1834 | D:3      | Reached XP level 4. HP: 32/35 MP: 3/7
  1990 | D:3      | Found a glowing silver altar of Zin.
  2283 | D:4      | Noticed a scorpion
  2293 | D:4      | Killed a scorpion
  2294 | D:4      | Reached XP level 5. HP: 24/40 MP: 5/9
  2334 | D:4      | Found a transporter.
  2440 | D:4      | Found a transporter.
  2507 | D:4      | Noticed garrulousMonolith's ghost (weakling GrEE)
  2646 | D:4      | Reached skill level 5 in Unarmed Combat
  2723 | D:4      | Found a staircase to the Ecumenical Temple.
  2741 | Temple   | Entered the Ecumenical Temple
  3112 | D:4      | Reached XP level 6. HP: 43/47 MP: 7/10
  3582 | D:5      | Entered Level 5 of the Dungeon
  3661 | D:5      | Found Bukar's Assorted Antiques.
  3666 | D:5      | Found Otenaol's Assorted Antiques.
  3677 | D:5      | Found Qeneull's Assorted Antiques.
  3958 | D:5      | Found Dazyvvuf's General Store.
  4054 | D:5      | Found a bloodstained altar of Trog.
  4080 | D:5      | Found Tuokam's Magic Scroll Shop.
  4088 | D:5      | Bought a scroll of revelation for 97 gold pieces
  4088 | D:5      | Bought a scroll of poison for 52 gold pieces
  4088 | D:5      | Bought a scroll of vulnerability for 52 gold pieces
  4440 | D:6      | Your scales start taking on an icy white colour.
  4440 | D:6      | Reached XP level 7. HP: 41/53 MP: 8/12
  4440 | D:6      | Gained mutation: Your flesh is cold resistant. (rC+) [White
                  | Draconian growth]
  4585 | D:6      | Shot with an arrow by a centaur

Illustrated notes

Levels and vault maps discovered:
D:1:      dpeg_arrival_water_altar, layout_loops_ring
D:2:      layout_rooms, basic_altar
D:3:      layout_loops_ring, mainiacjoe_overflow_small_starburst,
          hellmonk_ecumenical_altar_zigzags, minivault_4
D:4:      minmay_goblin_kobold_castle, layout_basic, minmay_temple_entry_ruins,
          gammafunk_ghost_gnarly_gnolls
D:5:      layout_loops_corners, lemuel_crystal_altar, serial_shops,
          nicolae_take_the_stairs, shop, nicolae_square_shop, shop, shop,
          chequers_avenue
D:6:      layout_gridville, nicolae_xom_altar_mimics,
          nicolae_sif_muna_little_library, grunt_decor_clamped
Temple:   nicolae_temple_two_arcs

Skill      XL: |  1  2  3  4  5  6 |
---------------+-------------------+-----
Dodging        | 2 3 |  3.3
Unarmed Combat | 4 5 |  5.7
Transmutations | 3 |  3.6
Spellcasting   | 3 |  3.4
Fighting       | |  1.9

Action                     |  1- 3 |  4- 6 |  7- 9 || total
---------------------------+-------+-------+-------++-------
  Melee: Unarmed           |   128 |   204 |    12 ||   344
         Headbutt          |     3 |    11 |       ||    14
         Kick              |     3 |    30 |       ||    33
         Tailslap          |    16 |    21 |     4 ||    41
         Punch             |       |    10 |     1 ||    11
   Cast: Beastly Appendage |     9 |    19 |       ||    28
         Wereblood         |     2 |    16 |     1 ||    19
    Use: Scroll            |     1 |     5 |       ||     6
   Stab: Distracted        |     2 |       |       ||     2
         Sleeping          |     1 |       |       ||     1
 Armour: Skin              |    35 |    96 |    12 ||   143
  Dodge: Dodged            |    75 |   144 |    29 ||   248

Table legend: (Time is in decaauts)
 A = Elapsed time spent in this place.
 B = Non-inter-level travel time spent in this place.
 C = Inter-level travel time spent in this place.
 D = Time resting spent in this place.
 E = Time spent auto-exploring this place.
 F = Levels seen in this place.
 G = Mean time per level.
                   A        B        C        D        E       F      G
               +--------+--------+--------+--------+--------+-----+--------+
         Total |   4565 |   4414 |    151 |     37 |   3464 |   7 |  652.1 |
       Dungeon |   4427 |   4285 |    142 |     37 |   3350 |   6 |  737.8 |
        Temple |    137 |    128 |      9 |      0 |    114 |   1 |  137.0 |
               +--------+--------+--------+--------+--------+-----+--------+

Top non-repeatable levels by time:
     D:4: 1192 daAuts
     D:3: 882 daAuts
     D:5: 848 daAuts
     D:1: 793 daAuts
     D:2: 561 daAuts
     D:6: 149 daAuts
  Temple: 137 daAuts
